ElectroGuy, chaotic female elven Wizard --------- |..<.....####### |.......| # ----- |.......| ###|.??| |.......| #-.??| ------.-- |...| ## |.?.| # |.?+| # ----- # # # ----+---- qf## ################## # |........ q@# # #-.------.------ |.......| ##---------.- |.......(.....| |.......| ##-...>.....| ..............| |........#####|..[......| |.............| |.......| |.........| --------------- |.......| |.........| --------- |.........| ------.---- # ElectroGuy the Conjurer Experience level: 4 Strength: 13 Dexterity: 14 Constitution: 10 Intelligence: 16 Wisdom: 9 Charisma: 12 Health: 0(35) Energy: 24(35) Def: 1 Gold: 130 Moves: 2238 Dungeon seed: hIAH4_50kZBkCc3p Game ID: ElectroGuy_1577381144 Your Inventory: Coins $ - 130 gold pieces Weapons a - a blessed +1 quarterstaff s - a +0 orcish dagger B - the +0 Sting (weapon in hand) Armor e - an uncursed +0 cloak of magic resistance (being worn) Comestibles r - 2 uncursed food rations Scrolls i - 2 uncursed scrolls of remove curse j - an uncursed scroll of identify o - an uncursed scroll of amnesia t - an uncursed scroll of light z - an uncursed scroll of destroy armor A - an uncursed scroll of gold detection Spellbooks k - a blessed spellbook of force bolt l - an uncursed spellbook of identify w - an uncursed spellbook of detect food x - an uncursed spellbook of knock Potions g - an uncursed potion of booze h - 2 uncursed potions of paralysis u - an uncursed potion of enlightenment v - an uncursed potion of fruit juice Rings c - an uncursed ring of slow digestion (on left hand) d - an uncursed ring of conflict Wands b - a wand of lightning (0:7) p - a wand of digging (0:5) Tools m - an uncursed blindfold n - an uncursed wooden flute Gems q - an uncursed worthless piece of black glass y - 11 uncursed rocks (in quiver) Spells and supernatural/magical abilities: Name Level Category Fail Memory a - force bolt 1 attack 0% 89% k - knock 1 matter 0% 98% I - identify 3 divination 99% 89% W - pray for help -- divine ? -- Your skills at the end: Fighting Skills Weapon Skills quarterstaff [Basic] Spellcasting Skills attack spells [Basic] enchantment spells [Basic] Final Attributes: You were devoutly aligned. You were sleep resistant. You were magic-protected. You were aware of the presence of orcs. You had infravision. You had slower digestion. You are dead. Vanquished creatures: a small mimic an imp a rothe an acid blob 2 coyotes a hobbit 4 giant rats 2 geckos 9 jackals a fox a goblin 4 sewer rats 14 grid bugs 3 lichens a kobold zombie 2 newts 48 creatures vanquished. Voluntary challenges: You were an atheist. You used a wielded weapon 40 times, starting on turn 38. You read items or engraved 2 times, starting on turn 1676. You never genocided any monsters. You never polymorphed an object. You never changed form. You used no wishes. You never split a pudding. You never wrote Elbereth's name. You violated your moral code, losing 22 points of alignment, starting on turn 1879. Dungeon overview: The Dungeons of Doom: levels 1 to 4 Level 1 a fountain a long staircase Level 2 Level 3 a scroll shop, a fountain Level 4 <- You were here a scroll shop a long staircase History has recorded: On T:1 you entered the Dungeons of Doom to retrieve the Amulet of Yendor! On T:189 you reached level 2 of The Dungeons of Doom. On T:194 you reached level 3 of The Dungeons of Doom. On T:890 you advanced to experience level 2. On T:1766 you reached level 4 of The Dungeons of Doom. On T:1771 you advanced to experience level 3. On T:1798 you advanced to experience level 4. Score breakdown: Gold: 130 ( 7202 points) Experience: 4 levels ( 9649 points) Exploration: 4 levels ( 8.00%) ( 7423 points) Discoveries: 3 items ( 1.08%) ( 3122 points) Valuables value: (no points given unless you survive) Artifact value: 800 ( 9877 points) Variety of kills: 16 monsters ( 4.20%) ( 6147 points) Turncount: 2238 turns ( -167 points) Survival: died (score multiplied by 80%) Total score: 34602 Latest messages: You displace your kitten. You hear someone cursing shoplifters. You stop waiting. (2x) The rock misses the grid bug. You kill the grid bug! y - a rock (in quiver). You miss the rothe. You hit the rothe. The rothe hits! The rothe bites! (2x) You miss the rothe. The rothe hits! The rothe bites! (2x) The rothe hits! The rothe bites! (2x) You miss the rothe. The rothe hits! The rothe bites! (2x) The rothe hits! The rothe just misses! The rothe bites! You die... Final status: Goodbye ElectroGuy the Wizard, killed by a rothe... You died in The Dungeons of Doom on dungeon level 4 with 34602 points, and 130 pieces of gold, after 2238 moves. You were level 4 with a maximum of 35 hit points when you died.